AoeStats
← Chuckles

Arabian Desert

509354616Analyzed
1v1 RM · 7d ago on Sep 26, 2026· 43m 5s· 2 players
Game mode
Random Map
Map size
Tiny (2 player)
Population
200
Speed
Normal
Resources
Standard
Victory
Conquest
Starting age
Dark Age
Ending age
Imperial Age
RankedLock teamsTeams togetherTeam positionsShared explorationLock speedFull tech treeHidden civsTurbo modeCheats
Victory
Defeat
🇭🇺 Franks · Hungary
658
+19
🇺🇸 Koreans · United States
714
-37
ßonera
10:33 Feudal Age
11:48 Double-Bit Axe
15:47 Loom
19:52 Castle Age
19:16 Forging
19:11 Scale Barding Armor
18:57 Fletching
20:29 Padded Archer Armor
23:15 Husbandry
28:19 Bow Saw
31:03 Wheelbarrow
31:59 Gold Mining
34:43 Imperial Age
33:26 Iron Casting
35:29 Town Watch
36:02 Hand Cart
36:24 Ballistics
37:08 Chemistry
35:50 Cavalier
36:54 Chain Barding Armor
37:38 Blast Furnace
39:23 Gold Shaft Mining
39:32 Plate Barding Armor
38:47 Crossbowman
39:35 Bodkin Arrow
41:03 Paladin
Chuckles
10:57 Feudal Age
10:39 Loom
21:03 Castle Age
23:14 Double-Bit Axe
24:00 Scale Mail Armor
24:10 Forging
23:28 Pikeman
25:21 Squires
29:01 Bow Saw
35:25 Treadmill Crane
36:07 Ballistics
35:43 Murder Holes
37:01 Gold Mining
37:52 Thumb Ring
42:26 Imperial Age
40:35 Elite Skirmisher
41:39 Chain Mail Armor
41:15 Fletching
Connection lost

Rejoining the realm…

Still unreachable

The connection could not be restored.

Session expired

The server has moved on; the page needs a fresh start.